 Dungeon Crawl Stone Soup version 0.28-b1-25-g9875b3fc8c (console) character file.

Game seed: 9064152190846636897

237 syban the Ducker (level 5, -1/42 HPs)
             Began as a Palentonga Earth Elementalist on Jan 31, 2022.
             Slain by an orc (3 damage)
             ... on level 4 of the Dungeon.
             The game lasted 00:05:56 (4172 turns).

syban the Ducker (Palentonga Earth Elementalist)    Turns: 4172, Time: 00:05:56

Health: -1/42      AC:  6    Str: 13    XL:     5   Next: 77%
Magic:  8/8        EV: 10    Int: 15    God:
Gold:   120        SH:  3    Dex: 11    Spells: 7/8 levels left

rFire   . . .      SeeInvis +   e - +0 spear
rCold   . . .      Faith    +   d - +0 buckler
rNeg    . . .      Spirit   .   j - +0 animal skin
rPois   .          Reflect  .   k - +1 helmet
rElec   .          Harm     .   (no cloak)
rCorr   .          Rampage  .   (no gloves)
Will    .....                   (no barding)
Stlth   ++........              g - amulet of faith
HPRegen 0.14/turn               (no ring)
MPRegen 0.11/turn               (no ring)

@: no status effects
A: large, rugged brown scales 3, see invisible, deformed body, roll 1, armoured
tail
a: Rolling Charge


You were on level 4 of the Dungeon.
You visited 1 branch of the dungeon, and saw 4 of its levels.

You collected 120 gold pieces.

Inventory:

Hand Weapons
 e - a +0 spear (weapon)
Missiles
 c - 102 stones
Armour
 b - a +0 robe
 d - a +0 buckler (worn)
 j - a +0 animal skin (worn)
 k - a +1 helmet (worn)
Jewellery
 g - an amulet of faith (around neck)
Wands
 i - a wand of flame (8)
Scrolls
 a - a scroll of magic mapping
 f - a scroll of amnesia
Potions
 h - a potion of flight {unknown}


   Skills:
 * Level 2.9 Fighting
 * Level 1.9 Armour
 + Level 3.2 Dodging
 - Level 1.2 Stealth
 * Level 1.4 Shields
 - Level 2.0 Spellcasting
 - Level 1.0 Transmutations
 - Level 2.6 Earth Magic


You had 7 spell levels left.
You knew the following spells:

 Your Spells              Type           Power      Damage    Failure   Level
a - Sandblast             Erth           18%        2d7       9%          1

Your spell library contained the following spells:

 Spells                   Type           Power      Damage    Failure   Level
 Passwall                 Tmut/Erth      5%         N/A       19%         2
 Sting                    Tmut/Pois      12%        1d3       22%         1
 Poisonous Vapours        Pois/Air       2%         N/A       38%         2
 Stone Arrow              Conj/Erth      10%        3d7       43%         3
 Ozocubu's Armour         Ice            1%         N/A       63%         3
 Petrify                  Tmut/Erth      7%         N/A       77%         4
 Olgreb's Toxic Radiance  Pois           1%         N/A       95%         4
 Ozocubu's Refrigeration  Ice            0%         4d5       100%        7


Dungeon Overview and Level Annotations

Branches:
Dungeon (4/15)
 Temple: D:4-7

Altars:

Annotations:
D:3 Grinder


Innate Abilities, Weirdness & Mutations

You are completely covered in rugged brown scales. (AC +3, +7% HP)
You have supernaturally acute eyesight. (SInv)
Armour fits poorly on your strangely shaped body.
You can roll at nearby foes to attack.
You have a long armoured tail.


Message History

The now-empty wand crumbles to dust.
An orc priest comes into view. It is wielding a +0 hand axe.
The orc closely misses you.
An orc comes into view. It is wielding a +0 falchion.
Unknown command.
The orc shouts!
You block the orc's attack.
An orc comes into view. It is wielding a +0 long sword.
The orc shouts!
You hear a shout!
The orc priest shouts!
The orc hits you but does no damage.
The orc priest mumbles some strange prayers to Beogh against you.
Beogh smites you!
You hit the orc.
The orc is lightly wounded.
The orc hits you but does no damage. The orc hits you with a +0 long sword.
You block the orc's attack. The orc hits you with a +0 short sword.
You hit the orc but do no damage.
The orc is lightly wounded.
The orc priest looks encouraged for a moment.
The orc hits you but does no damage. The orc hits you with a +0 long sword!
* * * LOW HITPOINT WARNING * * *
You hit the orc but do no damage.
The orc is lightly wounded.
The orc hits you but does no damage. The orc hits you with a +0 long sword.
* * * LOW HITPOINT WARNING * * *
You hit the orc. You tail-slap the orc.
The orc is almost dead.
You block the orc's attack. The orc hits you with a +0 long sword.
* * * LOW HITPOINT WARNING * * *
Unknown command.
Unknown command.
Okay, then.
You hit the orc but do no damage.
The orc is almost dead.
The orc hits you but does no damage. The orc hits you with a +0 long sword.
* * * LOW HITPOINT WARNING * * *
You hit the orc but do no damage.
The orc is almost dead.
The orc hits you with a +0 short sword.
You die...

#.# #..... ..# #.....
#.. #..... #.#
#######.....
#######Z####...........
..o....oh..w...........
######h####...........
####o# #...........
#.o@.# #......#####
#.#### ######## .. ##


You could see 2 black bears, 3 orcs and a quokka skeleton.

Vanquished Creatures
  An ogre (D:4)
  A hound (D:3)
  Jessica (D:2)
  Robin (D:2)
  An adder (D:2)
  An ufetubus (D:4)
  A worm (D:2)
  A dart slug (D:3)
  An orc (D:3)
  8 endoplasms
  A giant cockroach (D:3)
  13 goblins
  11 hobgoblins
  2 jackals (D:1)
  3 kobolds
  A quokka (D:4)
  3 ball pythons (D:1)
  4 bats
  5 frilled lizards
  9 rats
69 creatures vanquished.

Notes
Turn   | Place    | Note
-------+----------+-------------------------------------------
     0 | D:1      | syban the Palentonga Earth Elementalist began the quest for
                  | the Orb.
     0 | D:1      | Reached XP level 1. HP: 13/13 MP: 3/3
   454 | D:1      | Reached XP level 2. HP: 19/21 MP: 5/5
   903 | D:1      | Reached skill level 1 in Fighting
   903 | D:1      | Reached skill level 2 in Dodging
  2007 | D:1      | Reached XP level 3. HP: 20/27 MP: 6/6
  2531 | D:2      | Reached skill level 1 in Armour
  2599 | D:2      | Noticed Jessica
  2623 | D:2      | Killed Jessica
  2624 | D:2      | Reached XP level 4. HP: 26/34 MP: 1/7
  3064 | D:2      | Noticed Robin
  3088 | D:2      | Killed Robin
  3129 | D:2      | Reached skill level 1 in Shields
  3523 | D:3      | Noticed Grinder
  3629 | D:3      | Reached XP level 5. HP: 31/40 MP: 8/8
  3661 | D:4      | Noticed an ogre
  3686 | D:4      | Killed an ogre
  3687 | D:4      | Reached skill level 3 in Dodging
  4055 | D:4      | Noticed a black bear
  4143 | D:4      | Noticed a black bear
  4155 | D:4      | Paralysed by an orc for 6 turns
  4171 | D:4      | HP: 2/42 [orc (2)]
  4172 | D:4      | Slain by an orc

Illustrated notes

Levels and vault maps discovered:
D:1:      dpeg_arrival_short_road, layout_basic, minivault_25
D:2:      layout_rooms, serial_rivers, chequers_serial_rivers_micro_c,
          chequers_serial_rivers_micro_e, chequers_serial_rivers_micro_c,
          chequers_serial_rivers_large_a, amcnicky_mini_rare_corridor_liquid,
          minmay_tromino_v7, uniq_robin, uniq_jessica
D:3:      layout_rooms, mainiacjoe_overflow_small_starburst, led_sif_pool,
          ebering_ecumenical_altar_sacrificial, minmay_fractal_squares_5,
          uniq_grinder
D:4:      layout_basic, trog_butcher_becter

Skill      XL: |  1  2  3  4  5 |
---------------+----------------+-----
Fighting       | 1 2 |  2.9
Dodging        | 2 3 |  3.2
Armour         | 1 |  1.9
Shields        | 1 |  1.4
Stealth        | |  1.2
Spellcasting   | |  2.0
Transmutations | |  1.0
Earth Magic    | |  2.6

Action                   |  1- 3 |  4- 6 || total
-------------------------+-------+-------++-------
Melee: Unarmed           |   156 |       ||   156
       Punch             |     3 |       ||     3
       Tailslap          |     8 |    23 ||    31
       Spear             |     9 |   143 ||   152
 Cast: Sandblast         |    14 |    12 ||    26
Evoke: Wand              |       |     3 ||     3
  Use: Scroll            |       |     4 ||     4
 Stab: Sleeping          |     2 |     2 ||     4
Armor: Robe              |    76 |    15 ||    91
       Animal skin       |       |    41 ||    41
Dodge: Dodged            |   116 |    69 ||   185
Block: Buckler           |       |    23 ||    23
